 Dungeon Crawl Stone Soup version 0.22.0-38-g04b72b8c25 (webtiles) character file.

1397 Jannitor the Slasher (level 8, -1/66 HPs)
             Began as a Demigod Warper on Aug 27, 2018.
             Shot with a sling bullet by Joseph (8 damage)
             ... on level 7 of the Dungeon.
             The game lasted 00:15:46 (9013 turns).

Jannitor the Slasher (Demigod Warper)               Turns: 9013, Time: 00:15:47

Health: -1/66      AC:  7    Str: 21    XL:     8   Next: 18%
Magic:  10/14      EV: 12    Int: 19    God:
Gold:   466        SH:  5    Dex: 15    Spells: 4/11 levels left

rFire    . . .     SeeInvis .   a - +0 long sword
rCold    . . .     Gourm    .   i - +0 buckler
rNeg     . . .     Faith    .   v - +0 ring mail
rPois    .         Spirit   .   (no helmet)
rElec    .         Reflect  .   (no cloak)
rCorr    .         Harm     .   c - +1 pair of gloves
MR       .....                  (no boots)
Stlth    +.........             y - amulet of magic regeneration
HPRegen  0.21/turn              (no ring)
MPRegen  0.39/turn              (no ring)

@: mighty, lethally poisoned (-1 -> -2), very slightly contaminated
A: high mp 1
a: no special abilities


You were on level 7 of the Dungeon.
You were very hungry.

You visited 1 branch of the dungeon, and saw 7 of its levels.

You collected 466 gold pieces.

Inventory:

Hand Weapons
 a - a +0 long sword (weapon)
 b - a +4 hunting sling
 r - a +1 falchion
Missiles
 e - 5 tomahawks of dispersal (quivered)
 g - 147 stones
 h - 4 tomahawks
 u - 90 sling bullets
Armour
 c - a +1 pair of gloves (worn)
 i - a +0 buckler (worn)
 n - a +0 leather armour
 v - a +0 ring mail (worn)
Jewellery
 y - an amulet of magic regeneration (around neck)
 z - an uncursed ring of ice {unknown}
 A - an uncursed amulet of the gourmand {unknown}
Wands
 d - a wand of paralysis (17)
 k - a wand of iceblast (19)
 p - a wand of flame (38)
Scrolls
 j - 2 scrolls of enchant weapon
 l - 4 scrolls of remove curse
 m - 4 scrolls of identify
 o - a scroll of random uselessness
 q - 7 scrolls of immolation
 t - a scroll of enchant armour
Comestibles
 f - 7 rations


   Skills:
 + Level 4.2 Fighting
 + Level 5.5 Long Blades
 - Level 0.9 Throwing
 + Level 2.6 Armour
 - Level 2.1 Dodging
 - Level 4.1 Shields
 + Level 2.1 Spellcasting
 + Level 2.6 Charms
 + Level 3.9 Translocations


You had 4 spell levels left.
You knew the following spells:

 Your Spells              Type           Power        Failure   Level  Hunger
a - Blink                 Tloc           N/A          9%          2    ##.....
b - Shroud of Golubria    Chrm/Tloc      ##........   11%         2    ##.....
c - Gell's Gravitas       Tloc           ###.......   16%         3    ###....

Your spell library contained the following spells:

 Spells                   Type           Power        Failure   Level  Hunger
 Apportation              Tloc           ###...       5%          1    #......
 Infusion                 Chrm           ##..         10%         1    #......
 Song of Slaying          Chrm           ##......     14%         2    ##.....
 Lesser Beckoning         Tloc           ###.......   16%         3    ###....
 Teleport Other           Tloc           ###.....     16%         3    ###....
 Animate Skeleton         Necr           N/A          26%         1    #......
 Confusing Touch          Hex            #.....       26%         1    #......
 Summon Small Mammal      Summ           #...         26%         1    #......
 Regeneration             Chrm/Necr      #.........   43%         3    ###....
 Spectral Weapon          Hex/Chrm       #.......     43%         3    ###....
 Passage of Golubria      Tloc           N/A          47%         4    #####..


Dungeon Overview and Level Annotations

Branches:
Dungeon (7/15)             Temple (0/1) D:7

Annotations:
D:7 Joseph


Innate Abilities, Weirdness & Mutations

You have an increased reservoir of magic. (+10% MP)


Message History

As you read the scroll labeled XOINE ERUWKIP, it crumbles to dust.
You hear a loud clanging noise!
It was a scroll of noise.
You feel sick.
You hear a shout!
The killer bee closely misses you. x2; The killer bee stings you.
* * * LOW HITPOINT WARNING * * *
The killer bee stings you.
* * * LOW HITPOINT WARNING * * *
Unknown command.
Casting: Blink (safe; 9% risk of failure)
Confirm with . or Enter, or press ? or * to list all spells.
You blink.
Joseph, a Mercenary comes into view.
He is wielding a quarterstaff.
Joseph says, "It's nothing personal, but I have to kill you."
Unknown command.
You feel sick. The killer bee barely misses you.
Joseph unwields an uncursed quarterstaff.
Joseph wields a hunting sling.
Joseph shoots a sling bullet.
The sling bullet hits you!
You die...

#............................,
#.........#.####..§##.#######*
#.....†...#.# ##†###.#
#...........#####y###.# *
#.......[.#.##...H....# *
#........)#....y####### *
#####.<......Oy.###### *
*#...#####.#y#......# *
#.....####.#@######.# *
#..............####.## *
#.....####.#.#@......# *
##..............###..# *
##.#*,#####.##.# #..# * #.**,*
#.##.# #y.# * *,**,* #.##.#
#..# ** *>**,* #.##.# #..# *,
*,**,****#.*#.# #y.# *,


You could see Joseph, an ogre and 4 killer bees.

Vanquished Creatures
  Menkaure (D:7)
  An ice beast (D:5)
  2 ogres
  A necrophage (D:7)
  A killer bee (D:7)
  A crimson imp (D:6)
  2 bullfrog zombies
  2 jellies (D:5)
  A centaur zombie (D:5)
  3 orc priests
  2 hounds (D:5)
  3 bullfrog skeletons
  An iguana (D:3)
  4 orc wizards
  2 worker ants
  2 hound zombies
  A hound skeleton (D:6)
  A worker ant zombie (D:6)
  A howler monkey skeleton (D:4)
  13 adders
  An ooze (D:1)
  An adder zombie (D:6)
  2 worms (D:2)
  3 dart slugs
  3 leopard geckos
  13 orcs
  A giant cockroach (D:2)
  4 goblins
  8 hobgoblins
  6 jackals
  8 kobolds
  3 quokkas
  9 bats
  5 frilled lizards
  A jackal skeleton (D:4)
  A leopard gecko skeleton (D:5)
  5 rats
119 creatures vanquished.

Notes
Turn   | Place    | Note
-------+----------+-------------------------------------------
     0 | D:1      | Jannitor the Demigod Warper began the quest for the Orb.
     0 | D:1      | Reached XP level 1. HP: 17/17 MP: 5/5
   141 | D:1      | Reached skill level 2 in Long Blades
   466 | D:1      | Reached XP level 2. HP: 16/24 MP: 7/7
   470 | D:1      | Learned a level 2 spell: Blink
   473 | D:1      | Learned a level 2 spell: Shroud of Golubria
  1618 | D:2      | Reached XP level 3. HP: 29/29 MP: 6/8
  1863 | D:2      | Reached skill level 1 in Shields
  2385 | D:2      | Reached skill level 3 in Long Blades
  2388 | D:2      | Reached XP level 4. HP: 19/37 MP: 9/9
  3353 | D:3      | Reached XP level 5. HP: 30/42 MP: 10/10
  3631 | D:3      | Found an ancient bone altar of Kikubaaqudgha.
  3631 | D:3      | Found a shimmering altar of Xom.
  4515 | D:4      | Reached skill level 1 in Charms
  4578 | D:4      | Noticed an ogre
  5052 | D:4      | Found a stormy altar of Qazlal.
  5172 | D:4      | Killed an ogre
  5172 | D:4      | Reached skill level 4 in Long Blades
  5172 | D:4      | Reached XP level 6. HP: 25/51 MP: 11/11
  5520 | D:5      | Entered Level 5 of the Dungeon
  5893 | D:5      | Learned a level 3 spell: Gell's Gravitas
  6310 | D:5      | Reached skill level 1 in Armour
  6364 | D:5      | Reached XP level 7. HP: 29/57 MP: 8/12
  8043 | D:6      | Reached skill level 5 in Long Blades
  8822 | D:7      | Noticed Menkaure
  8824 | D:7      | Killed Menkaure
  8824 | D:7      | Reached XP level 8. HP: 59/66 MP: 14/14
  8998 | D:7      | Noticed a hippogriff
  9012 | D:7      | Noticed Joseph
  9013 | D:7      | Shot with a sling bullet by Joseph

Skill      XL: |  1  2  3  4  5  6  7  8 |
---------------+-------------------------+-----
Long Blades    | 2 3 4 5 |  5.5
Fighting       | 2 3 4 |  4.2
Dodging        | 2 |  2.1
Shields        | 1 2 3 4 |  4.1
Charms         | 1 2 |  2.6
Translocations | 3 |  3.9
Armour         | 1 2 |  2.6
Spellcasting   | 2 |  2.1
Throwing       | |  0.9

Action                   |  1- 3 |  4- 6 |  7- 9 || total
-------------------------+-------+-------+-------++-------
Melee: Falchion          |   111 |   160 |    30 ||   301
       Long sword        |       |       |   100 ||   100
 Fire: Hunting sling     |    12 |    69 |    43 ||   124
 Cast: Shroud of Golubri |     2 |    10 |     9 ||    21
       Blink             |       |     1 |     8 ||     9
       Gell's Gravitas   |       |       |     1 ||     1
Evoke: Wand              |       |     2 |     8 ||    10
  Use: Scroll            |       |     5 |     6 ||    11
       Potion            |       |     5 |     4 ||     9
  Eat: Chunk             |     2 |     8 |     7 ||    17
       Ration            |     1 |     1 |     1 ||     3
Armor: Leather armour    |    24 |    28 |     5 ||    57
       Ring mail         |       |       |    45 ||    45
Dodge: Dodged            |    78 |   112 |    83 ||   273
Block: Buckler           |     8 |    35 |    33 ||    76
       Rpst.: Falchion   |    27 |    34 |     4 ||    65
       Long sword        |       |       |    22 ||    22
